 Dungeon Crawl Stone Soup version 0.31-a0-182-gc5ef74bbde (webtiles) character file.

Game seed: 993546585547772890

196 Moral the Sneak (level 5, -1/32 HPs)
             Began as a Tengu Brigand on June 21, 2023.
             Succumbed to Sigmund's poison
             ... on level 4 of the Dungeon.
             The game lasted 00:05:45 (3070 turns).

Moral the Sneak (Tengu Brigand)                     Turns: 3070, Time: 00:05:46

Health: -1/32      AC:  3    Str: 17    XL:     5   Next: 75%
Magic:  6/6        EV: 15    Int: 12    God:
Gold:   183        SH:  0    Dex: 17    Spells: 4/4 levels left

rFire   . . .        a - +2 dagger
rCold   . . .        (no shield)
rNeg    . . .        b - +0 robe
rPois   .            (helmet restricted)
rElec   .            c - +0 cloak
rCorr   .            (no gloves)
SInv    .            (boots unavailable)
Will    .....        (no amulet)
Stlth   +++          o - +6 ring of strength
HPRegen 0.25/turn    (no ring)
MPRegen 0.10/turn

%: no passive effects
@: lethally poisoned (-1 -> -11), flying quickly and evasively, quick
A: beak, talons 3, nimble flight
a: no special abilities


You were on level 4 of the Dungeon.
You visited 1 branch of the dungeon, and saw 4 of its levels.

You collected 183 gold pieces.

Inventory:

Hand Weapons
 a - a +2 dagger (weapon)
Missiles
 d - 9 poisoned darts (quivered)
 e - 3 curare-tipped darts
Armour
 b - a +0 robe (worn)
 c - a +0 cloak (worn)
Jewellery
 o - a +6 ring of strength (left hand)
 s - a ring of fire
Wands
 q - a wand of flame (11)
Scrolls
 f - 2 scrolls of immolation
 h - a scroll of fog
 i - a scroll of poison
 j - a scroll of silence {unknown}
 n - 2 scrolls of identify
 p - a scroll of blinking {unknown}
 t - a scroll of vulnerability {unknown}
Potions
 g - 3 potions of curing {unknown}
 k - a potion of lignification {unknown}
 l - a potion of degeneration {unknown}
 m - a potion of enlightenment {unknown}
 r - a potion of resistance {unknown}


   Skills:
 + Level 3.0 Fighting
 + Level 3.3 Short Blades
 + Level 2.7 Throwing
 + Level 2.4 Dodging
 * Level 5.3 Stealth


You had 4 spell levels left.
You didn't know any spells.
Your spell library contained the following spells:

 Spells                   Type           Power      Damage    Failure   Level
 Ensorcelled Hibernation  Hex/Ice        0%         N/A       45%         2
 Passwall                 Tmut/Erth      0%         N/A       45%         2
 Ignite Poison            Fire/Tmut/Pois 0%         N/A       69%         3
 Swiftness                Air            0%         N/A       69%         3
 Sticky Flame             Conj/Fire      0%         2d3       97%         4
 Ignition                 Fire           0%         3d3       100%        8


Dungeon Overview and Level Annotations

Branches:
Dungeon (4/15)
 Temple: D:4-7

Altars:

Shops:
D:2 !

Annotations:
D:4 Menkaure, Sigmund


Innate Abilities, Weirdness & Mutations

You have a beak for a mouth.
You have claws for feet.
Your magical nature lets you fly swiftly and evasively.


Message History

The goblin shoots a sling bullet.
The sling bullet barely misses you.
The goblin shoots a sling bullet.
The sling bullet barely misses you.
The goblin shoots a sling bullet.
The sling bullet completely misses you.
There is a stone staircase leading down here.
There is a stone staircase leading down here.
The goblin shoots a sling bullet.
The sling bullet barely misses you. Something hits you but does no damage.
You are poisoned.
The goblin shoots a sling bullet.
The sling bullet hits you.
You feel sick. Something barely misses you.
You closely miss something. Your peck misses something.
The goblin shoots a sling bullet.
The sling bullet closely misses you.
You feel sick.
You hear some strange, mumbled words.
A magic dart appears from out of thin air!
The magic dart hits you!
The goblin shoots a sling bullet.
You hit something.
You feel sick. Something hits you but does no damage.
You are more poisoned.
You miss something. Your peck misses something.
You feel sick.
The goblin shoots a sling bullet.
The sling bullet barely misses you.
You miss something. You claw something.
You feel sick.
The goblin shoots a sling bullet.
The sling bullet misses you. Something hits you.
* * * LOW HITPOINT WARNING * * *
You are lethally poisoned!
You hit something.
* * * LOW HITPOINT WARNING * * *
You feel sick.
As you read the scroll labelled TITEOB VUSE, it dissolves into smoke.
It was a scroll of fog.
* * * LOW HITPOINT WARNING * * *
You feel very sick.
You hear some strange, mumbled words.
A puff of flame appears from out of thin air!
The puff of flame misses you.
The goblin shoots a sling bullet.
The sling bullet misses you.
As you read the scroll labelled ZULUTUUNUTA, it crumbles to dust.
It is a scroll of identify.
f - 2 scrolls of immolation You die...

#####.......#
#######.# ..#.# #.
#.#.# #. #<#.# #.
###.#.# #. #.>...#
#. ####.#.#.#
##.###@§§.....#
#####...##{##.#.#.#
.
.......(.§g##.....#
.
#####...#######.###
# ##.## #.# #. #.#
#. ##


You could see a goblin.

Vanquished Creatures
  A hound (D:4)
  Natasha (thrice) (D:2)
  3 adders
  A white imp (D:3)
  An orc (D:3)
  9 endoplasms
  5 goblins
  6 hobgoblins
  6 quokkas
  2 ball pythons (D:1)
  7 bats
  3 frilled lizards
  6 kobolds
  4 rats
57 creatures vanquished.

Notes
Turn   | Place    | Note
-------+----------+-------------------------------------------
     0 | D:1      | Moral the Tengu Brigand began the quest for the Orb.
     0 | D:1      | Reached XP level 1. HP: 12/12 MP: 2/2
   386 | D:1      | Reached XP level 2. HP: 17/17 MP: 3/3
  1233 | D:2      | Reached XP level 3. HP: 21/21 MP: 4/4
  1319 | D:2      | Noticed Natasha
  1330 | D:2      | Killed Natasha
  1331 | D:2      | Reached XP level 4. HP: 12/27 MP: 5/5
  1429 | D:2      | Found Jicif's Distillery.
  1607 | D:2      | Noticed Natasha
  1614 | D:2      | Killed Natasha
  1768 | D:2      | Noticed Natasha
  1781 | D:2      | Killed Natasha
  1782 | D:2      | Reached skill level 5 in Stealth
  1782 | D:2      | Gained mutation: Your magical nature lets you fly swiftly
                  | and evasively. [Tengu growth]
  1782 | D:2      | Reached XP level 5. HP: 7/31 MP: 6/6
  2883 | D:4      | Noticed Sigmund
  2884 | D:4      | Noticed Menkaure
  3070 | D:4      | Succumbed to Sigmund's poison

Illustrated notes

Levels and vault maps discovered:
D:1:      onia_arrival_mini_maze_b, layout_loops_corners,
          minmay_misc_feat_diagonals, minmay_misc_feat_more_columns, minivault_5
D:2:      layout_basic, serial_shops, nicolae_square_shop, uniq_natasha
D:3:      layout_rooms, st_stairs_7, nicolae_elevator_lobby_plus
D:4:      layout_loops_ring, grunt_temple_overflow_open, uniq_eustachio,
          uniq_menkaure, uniq_sigmund

Skill      XL: |  1  2  3  4  5 |
---------------+----------------+-----
Short Blades   | 3 |  3.3
Dodging        | 2 |  2.4
Stealth        | 5 |  5.3
Fighting       | 3 |  3.0
Throwing       | |  2.7

Action                     |  1- 3 |  4- 6 || total
---------------------------+-------+-------++-------
  Melee: Dagger            |    48 |    98 ||   146
         Kick              |    15 |    25 ||    40
         Peck              |     4 |    13 ||    17
         Punch             |     1 |     1 ||     2
    Use: Scroll            |     1 |     2 ||     3
   Stab: Sleeping          |    10 |    10 ||    20
 Armour: Robe              |     7 |    21 ||    28
  Dodge: Dodged            |    19 |    67 ||    86

Table legend: (Time is in decaauts)
 A = Elapsed time spent in this place.
 B = Non-inter-level travel time spent in this place.
 C = Inter-level travel time spent in this place.
 D = Time resting spent in this place.
 E = Time spent auto-exploring this place.
 F = Levels seen in this place.
 G = Mean time per level.
                   A        B        C        D        E       F      G
               +--------+--------+--------+--------+--------+-----+--------+
         Total |   2952 |   2832 |    120 |      0 |   2345 |   4 |  738.0 |
       Dungeon |   2952 |   2832 |    120 |      0 |   2345 |   4 |  738.0 |
               +--------+--------+--------+--------+--------+-----+--------+

Top non-repeatable levels by time:
     D:1: 1111 daAuts
     D:2: 1053 daAuts
     D:3: 561 daAuts
     D:4: 227 daAuts
